Map: Pylon LE

Players

ManlyManMeat

  • Race: Zerg Zerg
  • League: Diamond
  • Spawn Location: 5:00

VOD

Have the link to the VOD?

Description

Time

  • Played on: July 12, 2025, 4:02 a.m.
  • Length: 27:40
Show
View Real Time Build Order
Export as new Build Order

ManlyManMeat Zerg 

Build Orders:  

Get SALT Encoding   

  12  0:00  Drone  
  13  0:14  Drone  
  14  0:21  Extractor  
  14  0:25  Drone  
  15  0:38  Overlord  
  15  1:09  Drone  
  16  1:21  Hatchery  
  16  1:27  Drone  
  16  1:35  Drone  
  16  1:38  Drone  
  18  1:54  Extractor  
  17  2:01  Spawning Pool  
  16  2:12  Drone x2  
  16  2:15  Drone  
  19  2:35  Drone  
  20  3:06  Queen  
  20  3:07  Queen  
  20  3:08  Zergling x4  
  26  3:13  Overlord  
  26  3:20  Drone x2  
  28  3:49  Drone x2  
  30  3:59  Hatchery  
  29  4:03  Drone  
  29  4:04  Drone  
  31  4:12  Drone  
  31  4:13  Drone  
  31  4:18  Overlord  
  33  4:23  Metabolic Boost  
  33  4:37  Queen  
  35  4:43  Queen  
  35  4:44  Drone  
  38  4:50  Overlord  
  38  4:52  Drone x2  
  38  4:55  Drone  
  38  4:58  Drone  
  42  5:00  Drone  
  43  5:14  Overlord  
  43  5:16  Overlord  
  43  5:17  Overlord  
  43  5:27  Drone  
  44  6:21  Drone  
  44  6:22  Drone  
  44  6:28  Drone x7  
  44  6:29  Drone x3  
  56  6:35  Extractor  
  55  6:49  Extractor x2  
  53  6:57  Lair  
  53  7:04  Queen x2  
  53  7:06  Hatchery  
  53  7:09  Zergling x22  
  67  7:23  Evolution Chamber  
  67  7:24  Evolution Chamber  
  65  7:34  Hatchery  
  64  7:40  Drone  
  64  7:41  Baneling Nest  
  64  8:08  Overlord  
  64  8:09  Overlord x2  
  64  8:10  Overlord x3  
  64  8:14  Drone  
  64  8:15  Drone x4  
  64  8:16  Drone x4  
  73  8:21  Zerg Melee Weapons Level 1, Zerg Ground Armor Level 1  
  73  8:51  Baneling  
  73  8:52  Baneling x6  
  73  8:55  Drone x2  
  73  8:56  Drone x2  
  73  8:57  Drone x2  
  79  9:00  Drone  
  79  9:01  Drone x3, Extractor  
  79  9:02  Extractor  
  79  9:03  Drone x2  
  79  9:04  Drone  
  84  9:21  Drone  
  84  9:22  Drone  
  84  9:26  Drone x2  
  84  9:29  Drone x3  
  91  9:30  Drone x4  
  91  9:37  Centrifugal Hooks  
  95  9:41  Infestation Pit  
  94  10:26  Queen x2  
  94  10:27  Queen x2  
  94  10:28  Overlord x3  
  94  10:29  Overlord x4  
  102  10:30  Overlord  
  102  10:45  Neural Parasite  
  102  10:48  Infestor x2  
  106  11:20  Hive  
  106  11:43  Infestor  
  106  11:44  Infestor x2  
  106  11:49  Overseer  
  112  11:52  Pneumatized Carapace  
  112  11:54  Burrow  
  112  12:09  Extractor  
  111  12:17  Drone x2, Extractor  
  111  12:18  Drone  
  113  12:36  Infestor  
  113  12:37  Zergling x4  
  113  12:38  Zergling x46  
  113  12:39  Zergling x30  
  145  13:06  Baneling x10  
  136  13:11  Zergling x12  
  136  13:12  Zergling x22  
  130  14:00  Adrenal Overload  
  130  14:11  Hatchery  
  130  14:16  Overlord x2  
  130  14:17  Overlord  
  129  14:20  Overseer x4  
  129  14:26  Infestor x5  
  129  14:27  Hatchery  
  138  14:31  Zerg Melee Weapons Level 2  
  138  14:35  Hatchery  
  137  15:01  Zerg Ground Armor Level 2  
  137  15:04  Ultralisk Cavern  
  134  16:31  Ultralisk  
  134  16:32  Ultralisk x4  
  164  17:22  Extractor  
  164  17:28  Extractor  
  160  18:02  Ultralisk x6  
  145  19:32  Viper x2  
  145  19:33  Viper  
  154  19:48  Drone x3  
  154  19:49  Drone  
  158  19:50  Drone x2  
  158  19:56  Drone x4  
  158  19:57  Drone x5  
  158  19:58  Drone x4  
  158  19:59  Drone x2  
  175  20:16  Ultralisk  
  175  20:33  Infestor x8  
  175  20:57  Infestor x8  
  175  21:16  Infestor x4  
  139  22:28  Zergling x30  
  154  22:52  Zergling x2  
  154  22:53  Zergling x26  
  168  23:03  Infestor x4  
  168  24:22  Infestor x4  
  168  24:24  Baneling  
  168  24:25  Baneling  
  168  24:27  Zergling x6  
  168  24:28  Zergling x8  
  168  24:29  Zergling x4  
  173  25:05  Ultralisk x2  
  137  26:01  Zergling x28  
  137  26:02  Zergling x44  
  137  26:03  Zergling x20  
Tags
 
League
Diamond
Matchup
Co-op
Replay Pack
Myownreplay2
Add a new tag
Caveats
  • Supply blocks, unpowered buildings, or Contaminate may cause inaccurate times.
  • Supply counts are checked every 10 seconds.